 Dungeon Crawl Stone Soup version 0.21.1-1-g345015f (webtiles) character file.

18216 theRoog the Severer (level 12, 0/110 HPs)
             Began as a Minotaur Berserker on Mar 13, 2018.
             Was a High Priest of Trog.
             Slain by a nine-headed hydra (11 damage)
             ... on level 11 of the Dungeon.
             The game lasted 00:25:42 (11682 turns).

theRoog the Severer (Minotaur Berserker)           Turns: 11682, Time: 00:25:42

Health: 0/110      AC: 21    Str: 25    XL:     12   Next: 25%
Magic:  3/3        EV:  9    Int:  4    God:    Trog [*****.]
Gold:   812        SH:  0    Dex: 12    Spells: 11/11 levels left

rFire    . . .     SeeInvis .   j - +6 broad axe (antimagic)
rCold    . . .     Gourm    .   (no shield)
rNeg     . . .     Faith    .   z - +3 plate armour
rPois    .         Spirit   .   (helmet restricted)
rElec    .         Reflect  .   (no cloak)
rCorr    .         Harm     .   J - +2 pair of gloves {archery}
MR       ++...                  (no boots)
Stlth    ..........             (no amulet)
HPRegen  1.28/turn              A - ring of flight
MPRegen  0.08/turn              L - ring of wizardry

@: regenerating
A: retaliatory headbutt, horns 2
a: Berserk, Trog's Hand, Brothers in Arms, Burn Spellbooks, Renounce Religion,
Evoke Flight


You were on level 11 of the Dungeon.
You worshipped Trog.
Trog was extremely pleased with you.
You were very hungry.

You visited 1 branch of the dungeon, and saw 11 of its levels.
You also visited: Sewer and Ossuary.

You collected 812 gold pieces.

Inventory:

Hand Weapons
 b - a +1 vampiric hand axe
 e - a +0 giant club
 f - a +3 battleaxe of draining
 j - a +6 antimagic broad axe (weapon)
 k - the +5 hunting sling of Spite {velocity, Str+3, unknown}
   (You found it on level 8 of the Dungeon)

   Any stone fired from it inflicts extra damage.
   It affects your strength (+3).
 t - a +2 antimagic executioner's axe
 C - a +1 antimagic short sword
 E - a +0 war axe
 Q - a +4 whip of electrocution
Armour
 l - a +0 chain mail
 z - a +3 plate armour (worn)
 I - a +1 leather armour of poison resistance
 J - a +2 pair of gloves of archery (worn)
 O - a +1 chain mail of cold resistance
Magical Staves
 P - an uncursed staff of power {unknown}
Jewellery
 a - an uncursed ring of resist corrosion
 A - a ring of flight (left hand)
 L - a ring of wizardry (right hand)
Wands
 i - a wand of enslavement (14)
 u - a wand of digging (14)
 y - a wand of iceblast (19)
Scrolls
 d - 9 scrolls of teleportation
 g - 3 scrolls of identify
 m - a scroll of vulnerability
 n - a scroll of fog {unknown}
 o - 3 scrolls of magic mapping
 p - a scroll of fear {ii}
 x - 4 scrolls of remove curse
 K - a scroll of random uselessness {unknown}
 N - 2 scrolls of blinking {unknown}
 R - a scroll of torment {unknown}
Potions
 h - 4 potions of curing
 q - a potion of brilliance
 r - 2 potions of flight
 s - 3 potions of might
 v - a potion of agility
 w - 2 potions of invisibility {unknown}
 B - a potion of berserk rage
 D - 2 potions of mutation {unknown}
 F - 8 potions of magic {unknown}
 G - a potion of haste
 H - 2 potions of cancellation
 M - a potion of ambrosia {unknown}
Comestibles
 c - 12 rations


   Skills:
 + Level 11.4 Fighting
 + Level 17.1 Axes
 + Level 11.1 Armour
 + Level 4.4 Dodging
 + Level 1.7 Stealth
 + Level 0.3 Evocations


You had 11 spell levels left.
You didn't know any spells.

Dungeon Overview and Level Annotations

Branches:
Dungeon (11/15)            Temple (0/1) D:5            Lair (0/6) D:11
    Orc: D:9-12

Altars:
Elyvilon
Fedhas
Gozag
Makhleb
Trog
Vehumet
Yredelemnul
Beogh
Jiyva


Innate Abilities, Weirdness & Mutations

You reflexively headbutt those who attack you in melee.
You have a pair of horns on your head.


Message History

The nine-headed hydra bites you. The nine-headed hydra bites you!
* * * LOW HITPOINT WARNING * * *
The nine-headed hydra barely misses you.
The nine-headed hydra bites you.
* * * LOW HITPOINT WARNING * * *
The nine-headed hydra bites you.
* * * LOW HITPOINT WARNING * * *
The nine-headed hydra barely misses you.
The nine-headed hydra bites you but does no damage.
Okay, then.
Your skin crawls.
You feel resistant to hostile enchantments.
You are feeling very hungry.
The nine-headed hydra bites you.
* * * LOW HITPOINT WARNING * * *
The nine-headed hydra bites you.
* * * LOW HITPOINT WARNING * * *
The nine-headed hydra bites you but does no damage.
The nine-headed hydra bites you!
You die...

. #.#.## ..#
####### #.##
#.# #.....# #.#
##.#
#.###.###.####
.. >.# #.#
#.........
#.#..#
#.###.########
#.##.# #.....#
#.##D# ###.###
.###### #.##@#
#.#
.......##..#.#
#.#
##...........##
#.#
........#.....#
#.#
##......#.....#
#.#
..............#
#.##
###.#.©......#
#..# #######..#
##.#
########### #.#


You could see a nine-headed hydra.

Vanquished Creatures
  Harold (D:11)
  2 centaur warriors (D:9)
  3 two-headed ogres
  2 ugly things (D:11)
  2 centaur zombies (D:7)
  A gargoyle (D:10)
  A redback zombie (D:7)
  A troll (D:9)
  2 hellwings (D:7)
  The ghost of JCrunch the Poker, an amateur DrBe of Trog (D:4)
  A hornet (D:8)
  6 slime creatures (D:11)
  A meliai zombie (D:7)
  A spriggan (D:7)
  4 water elementals (D:11)
  9 yaks (D:10)
  A wyvern (D:9)
  Duvessa (D:4)
  2 ice beasts
  6 orc warriors
  The ghost of Aldia the Chopper, an amateur HOMo (D:3)
  3 ogres
  2 sky beasts
  An eye of draining (D:11)
  3 necrophages
  3 phantoms
  2 centaurs
  Blork the orc (D:5)
  6 big kobolds
  13 bullfrogs
  A gnoll sergeant (D:9)
  Dowan (D:4)
  A wyvern zombie (D:10)
  4 jellies
  2 water moccasin skeletons
  3 scorpions
  6 killer bees (D:8)
  An electric eel (D:6)
  4 crimson imps
  2 howler monkeys (D:7)
  A bullfrog zombie (D:9)
  A quasit (D:6)
  8 orc priests
  Crazy Yiuf (D:6)
  5 hounds
  2 bullfrog skeletons
  8 orc wizards
  6 centaur skeletons
  Jessica (D:2)
  5 iguanas
  Ijyb (D:4)
  4 worker ants
  Natasha (thrice) (D:3)
  2 hound skeletons (D:8)
  13 mummies (Ossuary)
  4 worker ant zombies
  Robin (D:2)
  A howler monkey skeleton (D:10)
  19 adders
  14 gnolls
  10 shadow imps
  An ooze (D:3)
  2 adder zombies
  3 adder skeletons
  7 worms
  14 leopard geckos
  46 orcs
  A bat skeleton (D:2)
  11 giant cockroaches
  15 goblins
  10 hobgoblins
  15 jackals
  64 kobolds
  2 quokkas
  A ball python (Sewer)
  3 bats (D:1)
  17 frilled lizards
  A giant cockroach zombie (D:2)
  2 gnoll skeletons (Ossuary)
  4 goblin skeletons (Ossuary)
  A kobold skeleton (Ossuary)
  2 leopard gecko skeletons (D:5)
  An orc skeleton (Ossuary)
  A quokka zombie (D:2)
  8 rats
  11 rat skeletons (Ossuary)
461 creatures vanquished.

Notes
Turn   | Place    | Note
-------+----------+-------------------------------------------
     0 | D:1      | theRoog the Minotaur Berserker began the quest for the Orb.
     0 | D:1      | Reached XP level 1. HP: 19/19 MP: 0/0
   455 | D:1      | Reached XP level 2. HP: 27/27 MP: 1/1
   497 | D:1      | Reached skill level 4 in Axes
   674 | D:1      | Reached ** piety under Trog
  1007 | D:2      | Reached XP level 3. HP: 23/34 MP: 2/2
  1114 | D:2      | Noticed Jessica
  1121 | D:2      | Killed Jessica
  1158 | D:2      | Reached XP level 4. HP: 39/41 MP: 3/3
  1324 | D:2      | Noticed Robin
  1336 | D:2      | Killed Robin
  1344 | D:2      | Reached skill level 5 in Axes
  1758 | D:3      | Noticed Natasha
  1761 | D:3      | Killed Natasha
  1761 | D:3      | Reached skill level 1 in Stealth
  1761 | D:3      | Reached XP level 5. HP: 47/47 MP: 4/4
  1789 | D:3      | Reached *** piety under Trog
  1803 | D:3      | Noticed Aldia's ghost (amateur HOMo)
  1829 | D:3      | Killed Aldia's ghost
  1829 | D:3      | Reached skill level 5 in Fighting
  1829 | D:3      | Reached skill level 6 in Axes
  1829 | D:3      | Reached XP level 6. HP: 20/56 MP: 5/5
  2404 | D:3      | Noticed Natasha
  2410 | D:3      | Killed Natasha
  2436 | D:3      | Found an opulent altar of Gozag.
  2570 | D:3      | Noticed Natasha
  2577 | D:3      | Killed Natasha
  2831 | D:4      | Noticed JCrunch's ghost (amateur DrBe)
  2843 | D:4      | Killed JCrunch's ghost
  2843 | D:4      | Reached skill level 7 in Axes
  2843 | D:4      | Reached skill level 5 in Armour
  2843 | D:4      | Reached XP level 7. HP: 29/61 MP: 6/6
  3211 | D:4      | Noticed Ijyb
  3217 | D:4      | Noticed Duvessa
  3217 | D:4      | Noticed Dowan
  3217 | D:4      | Killed Ijyb
  3237 | D:4      | Killed Duvessa
  3237 | D:4      | Reached skill level 8 in Axes
  3247 | D:4      | Killed Dowan
  3610 | D:4      | Reached **** piety under Trog
  3626 | D:4      | Reached XP level 8. HP: 70/70 MP: 7/7
  3627 | D:4      | Received a gift from Trog
  3833 | D:5      | Entered Level 5 of the Dungeon
  3931 | D:5      | Noticed Blork the orc
  3946 | D:5      | Killed Blork the orc
  4391 | D:5      | Found a sand-covered staircase.
  4400 | Ossuary  | Entered an ossuary
  4547 | Ossuary  | Reached skill level 9 in Axes
  5034 | D:5      | Found a blossoming altar of Fedhas.
  5079 | D:5      | Found a staircase to the Ecumenical Temple.
  5309 | D:6      | Reached ***** piety under Trog
  5388 | D:6      | Reached skill level 10 in Axes
  5438 | D:6      | Found a glowing drain.
  5451 | Sewer    | Entered a sewer
  5812 | D:6      | Reached XP level 9. HP: 70/78 MP: 8/8
  6003 | D:6      | Received a gift from Trog
  6463 | D:6      | Found a runed door.
  6467 | D:6      | Noticed Crazy Yiuf
  6470 | D:6      | Killed Crazy Yiuf
  6749 | D:6      | Reached skill level 11 in Axes
  7103 | D:7      | Noticed a hellwing
  7105 | D:7      | Noticed a hellwing
  7123 | D:7      | Reached skill level 12 in Axes
  7137 | D:7      | Killed a hellwing
  7137 | D:7      | Received a gift from Trog
  7137 | D:7      | Reached XP level 10. HP: 72/88 MP: 9/9
  7156 | D:7      | HP: 4/132 [hellwing (9)]
  7157 | D:7      | Reached skill level 13 in Axes
  7799 | D:7      | Reached skill level 14 in Axes
  7863 | D:7      | Found a bloodstained altar of Trog.
  8379 | D:8      | Found a basalt altar of Yredelemnul.
  8473 | D:8      | Found a burning altar of Makhleb.
  8485 | D:8      | Noticed a two-headed ogre
  8492 | D:8      | Killed a two-headed ogre
  8551 | D:8      | Got a dazzling hunting sling
  8582 | D:8      | Reached XP level 11. HP: 65/97 MP: 3/10
  8596 | D:8      | Received a gift from Trog
  9265 | D:9      | Found a blossoming altar of Fedhas.
  9311 | D:9      | Noticed a two-headed ogre
  9325 | D:9      | Killed a two-headed ogre
  9325 | D:9      | Reached skill level 15 in Axes
  9341 | D:9      | Found a radiant altar of Vehumet.
  9344 | D:9      | Found a white marble altar of Elyvilon.
  9373 | D:9      | Noticed a centaur warrior
  9376 | D:9      | Killed a centaur warrior
  9387 | D:9      | Noticed a centaur warrior
  9391 | D:9      | Noticed a two-headed ogre
  9506 | D:9      | Reached skill level 10 in Armour
  9629 | D:9      | Killed a two-headed ogre
  9629 | D:9      | Reached skill level 10 in Fighting
  9632 | D:9      | Killed a centaur warrior
  9664 | D:10     | Entered Level 10 of the Dungeon
  9696 | D:10     | Reached skill level 16 in Axes
 10226 | D:9      | Found a roughly hewn altar of Beogh.
 10246 | D:9      | Received a gift from Trog
 11219 | D:11     | Noticed a purple ugly thing
 11227 | D:11     | Killed a purple ugly thing
 11335 | D:11     | Noticed a brown ugly thing
 11344 | D:11     | Killed a brown ugly thing
 11344 | D:11     | Reached XP level 12. HP: 110/110 MP: 0/11
 11574 | D:11     | Found a transporter.
 11579 | D:11     | Found a viscous altar of Jiyva.
 11587 | D:11     | Noticed Harold
 11602 | D:11     | Killed Harold
 11602 | D:11     | Reached skill level 17 in Axes
 11621 | D:11     | Found a transporter.
 11678 | D:11     | Found a staircase to the Lair.
 11678 | D:11     | Noticed an eight-headed hydra
 11682 | D:11     | Slain by a nine-headed hydra

Skill      XL: |  1  2  3  4  5  6  7  8  9 10 11 12 |
---------------+-------------------------------------+-----
Fighting       | 4 5 6 8 9 11 | 11.4
Axes           | 4 5 6 7 8 10 12 14 16 17 | 17.1
Armour         | 3 5 6 7 8 9 10 11 | 11.1
Stealth        | 1 |  1.7
Dodging        | 3 4 |  4.4
Evocations     | |  0.3

Action                   |  1- 3 |  4- 6 |  7- 9 | 10-12 || total
-------------------------+-------+-------+-------+-------++-------
Melee: Hand axe          |    74 |   163 |   107 |       ||   344
       Headbutt          |     5 |    26 |    91 |    92 ||   214
       War axe           |       |       |   248 |       ||   248
       Battleaxe         |       |       |   119 |    30 ||   149
       Executioner's axe |       |       |       |   329 ||   329
       Broad axe         |       |       |       |    94 ||    94
Invok: Berserk           |       |     2 |     2 |     3 ||     7
       Burn Spellbooks   |       |       |       |     3 ||     3
       Trog's Hand       |       |       |       |     2 ||     2
Evoke: Wand              |       |       |       |     2 ||     2
  Use: Scroll            |       |     6 |     2 |    13 ||    21
       Potion            |       |     1 |       |     6 ||     7
  Eat: Chunk             |       |     3 |     5 |       ||     8
       Ration            |       |     2 |     3 |     5 ||    10
Armor: Leather armour    |    10 |       |       |       ||    10
       Animal skin       |     2 |       |       |       ||     2
       Ring mail         |    13 |       |       |       ||    13
       Chain mail        |     5 |    72 |   227 |    63 ||   367
       Plate armour      |       |       |       |   241 ||   241
Dodge: Dodged            |    47 |    75 |   200 |   232 ||   554
